 Dungeon Crawl Stone Soup version 0.21.1-1-g345015fe64 (webtiles) character file.

849 KleinerIrrer the Insei (level 8, -3/48 HPs)
             Began as an Octopode Transmuter on Mar 25, 2018.
             Slain by a killer bee (8 damage)
             ... on level 7 of the Dungeon.
             The game lasted 00:20:36 (7042 turns).

KleinerIrrer the Insei (Octopode Transmuter)        Turns: 7042, Time: 00:20:36

Health: -3/48      AC:  1    Str: 12    XL:     8   Next: 1%
Magic:  4/11       EV: 16    Int: 15    God:
Gold:   197        SH:  0    Dex: 12    Spells: 4/11 levels left

rFire    . . .     SeeInvis .     - Unarmed
rCold    . . .     Gourm    .   (no shield)
rNeg     . . .     Faith    .   (helmet restricted)
rPois    .         Spirit   .   (no amulet)
rElec    .         Reflect  .   g - +2 ring of evasion
rCorr    +         Harm     .   d - ring of resist corrosion
MR       .....                  (no ring)
Stlth    ++........             (no ring)
HPRegen  0.16/turn              (no ring)
MPRegen  0.12/turn              (no ring)
                                (no ring)
                                (no ring)

@: about to teleport, very slightly contaminated
A: almost no armour, stealthy swim, amphibious, 8 rings, constrict 8, camouflage
1, gelatinous body 1
a: no special abilities


You were on level 7 of the Dungeon.
You were hungry.

You visited 1 branch of the dungeon, and saw 7 of its levels.

You collected 339 gold pieces.
You spent 142 gold pieces at shops.

Inventory:

Hand Weapons
 i - a +1 whip of pain
 q - a +3 whip
Missiles
 a - 48 arrows
Jewellery
 d - a ring of resist corrosion (right tentacle)
 g - a +2 ring of evasion (left tentacle)
Wands
 A - a wand of acid (1)
 B - a wand of clouds (4)
Scrolls
 j - 3 scrolls of fog
 o - 2 scrolls of remove curse
 p - a scroll of amnesia
 r - 2 scrolls of fear
 s - a scroll of random uselessness {unknown}
 u - a scroll of blinking {unknown}
 x - 4 scrolls of identify
 y - 2 scrolls of enchant weapon {unknown}
Potions
 e - 2 potions of invisibility
 h - a potion of berserk rage {unknown}
 k - 2 potions of heal wounds
 m - 2 potions of agility
 n - a potion of flight {unknown}
 t - 2 potions of haste
 w - 2 potions of degeneration {unknown}
 z - a potion of lignification {unknown}
Books
 b - a book of Changes

   Spells                             Type                      Level
   a - Beastly Appendage              Transmutation                1
   b - Sticks to Snakes               Transmutation                2
   c - Spider Form                    Transmutation/Poison         3
   d - Ice Form                       Ice/Transmutation            4
   e - Blade Hands                    Transmutation                5
Comestibles
 c - 12 rations
 C - 2 chunks of flesh


   Skills:
 - Level 1.0 Fighting
 + Level 3.8 Dodging
 + Level 6.5 Unarmed Combat
 - Level 2.0 Spellcasting
 * Level 5.8 Transmutations


You had 4 spell levels left.
You knew the following spells:

 Your Spells              Type           Power        Failure   Level  Hunger
a - Beastly Appendage     Tmut           ###...       1%          1    #......
b - Sticks to Snakes      Tmut           ###.....     3%          2    ###....
c - Ice Form              Ice/Tmut       ##......     54%         4    #####..


Dungeon Overview and Level Annotations

Branches:
Dungeon (7/15)
 Temple: D:4-7

Altars:
Gozag
Trog

Shops:
D:4 ?   D:5 }

Annotations:
D:5 Blork the orc


Innate Abilities, Weirdness & Mutations

You cannot wear most types of armour.
You are very stealthy in the water. (Stealth+)
You are amphibious.
You can wear up to eight rings at the same time.
You can use your tentacles to constrict eight enemies at once.
Your skin changes colour to match your surroundings (Stealth+).
Your rubbery body absorbs attacks. (AC +1, EV +1)


Message History

The killer bee poisons you! The killer bee misses you. x2
The killer bee barely misses you. The iguana barely misses you.
The killer bee stings you.
* * * LOW HITPOINT WARNING * * *
You feel much better.
You feel sick. The killer bee misses you. The killer bee barely misses you.
The killer bee stings you but does no damage.
The killer bee misses you. The killer bee barely misses you.
The killer bee completely misses you. The killer bee barely misses you.
The killer bee stings you! The killer bee barely misses you.
The iguana bites you! The killer bee misses you.
You feel better. The killer bee stings you!
* * * LOW HITPOINT WARNING * * *
The killer bee barely misses you. The killer bee closely misses you.
The killer bee stings you.
* * * LOW HITPOINT WARNING * * *
The killer bee closely misses you. The killer bee stings you.
* * * LOW HITPOINT WARNING * * *
The killer bee stings you!
You die...

*,,*******,........<.....#
**,,*** **,.............#
,,,,,,****####....$......#
***,,,*,,,..........(....#
*****,≈≈≈≈≈≈≈.........##
*,≈****#≈..).......#
*,≈*,,,#≈%y........#
*,≈*,∩,#≈yyl.......#
*,≈*,,,#≈y@y.......#
**,≈**,*#≈y.........#
*,,≈≈≈≈≈≈≈.........##
*,,,..............##
*,,,........#######
****#########


You could see an iguana and 6 killer bees.

Vanquished Creatures
  Sigmund (D:5)
  Duvessa (D:5)
  An ogre (D:5)
  A scorpion (D:6)
  A crimson imp (D:6)
  A bullfrog zombie (D:6)
  An orc priest (D:4)
  A bullfrog skeleton (D:6)
  An orc wizard (D:5)
  An iguana (D:2)
  2 worker ants
  A hound skeleton (D:4)
  3 gnolls (D:3)
  8 adders
  An ooze (D:3)
  A dart slug (D:1)
  2 leopard geckos
  12 orcs
  9 bats
  6 giant cockroaches
  10 goblins
  8 hobgoblins
  12 jackals
  2 kobolds (D:1)
  A quokka (D:6)
  A ball python (D:3)
  5 frilled lizards
  A jackal skeleton (D:4)
  A jackal zombie (D:6)
  5 rats
101 creatures vanquished.

Vanquished Creatures (collateral kills)
  Dowan (D:5)
  An orc (D:4)
  3 jackals (D:4)
5 creatures vanquished.

Grand Total: 106 creatures vanquished

Notes
Turn   | Place    | Note
-------+----------+-------------------------------------------
     0 | D:1      | KleinerIrrer the Octopode Transmuter began the quest for the Orb.
     0 | D:1      | Reached XP level 1. HP: 13/13 MP: 3/3
   234 | D:1      | Reached XP level 2. HP: 14/18 MP: 5/5
   567 | D:1      | Reached XP level 3. HP: 23/23 MP: 6/6
   710 | D:1      | Learned a level 2 spell: Sticks to Snakes
  1290 | D:2      | Reached skill level 4 in Unarmed Combat
  1461 | D:2      | Reached XP level 4. HP: 21/28 MP: 7/7
  1589 | D:2      | Found an opulent altar of Gozag.
  2172 | D:2      | Learned a level 4 spell: Ice Form
  2283 | D:3      | Reached XP level 5. HP: 21/33 MP: 6/8
  2694 | D:3      | Reached skill level 5 in Unarmed Combat
  3443 | D:4      | Reached XP level 6. HP: 38/38 MP: 9/9
  3490 | D:4      | Found Atwidghu's Magic Scroll Boutique.
  3497 | D:4      | Bought a scroll of amnesia for 38 gold pieces
  3497 | D:4      | Bought a scroll of fog for 22 gold pieces
  3497 | D:4      | Bought a scroll of magic mapping for 38 gold pieces
  3497 | D:4      | Bought a scroll of identify for 22 gold pieces
  3497 | D:4      | Bought a scroll of identify for 22 gold pieces
  3521 | D:4      | HP: 1/38 [orc/falchion (8)]
  4363 | D:5      | Entered Level 5 of the Dungeon
  4395 | D:5      | Found a bloodstained altar of Trog.
  4635 | D:5      | Noticed Sigmund
  4647 | D:5      | Killed Sigmund
  4647 | D:5      | Reached skill level 6 in Unarmed Combat
  4647 | D:5      | Reached XP level 7. HP: 18/43 MP: 5/10
  4973 | D:5      | Noticed Blork the orc
  5076 | D:5      | Found Lukoxt's Gadget Shoppe.
  5194 | D:5      | Noticed Duvessa
  5198 | D:5      | Noticed Dowan
  5207 | D:5      | Killed Duvessa
  5983 | D:6      | Reached skill level 5 in Transmutations
  6485 | D:5      | Killed Dowan
  7026 | D:7      | Reached XP level 8. HP: 45/48 MP: 11/11
  7042 | D:7      | Slain by a killer bee

Skill      XL: |  1  2  3  4  5  6  7 |
---------------+----------------------+-----
Unarmed Combat | 4 5 6 |  6.5
Transmutations | 3 4 5 |  5.8
Dodging        | 3 |  3.8
Fighting       | |  1.0
Spellcasting   | |  2.0

Action                   |  1- 3 |  4- 6 |  7- 9 || total
-------------------------+-------+-------+-------++-------
Melee: Unarmed           |    53 |   143 |    63 ||   259
       Constrict         |    14 |    34 |    14 ||    62
       Tentacles         |    12 |    20 |    10 ||    42
       Punch             |     1 |     6 |     1 ||     8
       Kick              |       |    22 |     7 ||    29
 Cast: Beastly Appendage |       |    14 |     7 ||    21
       Sticks to Snakes  |       |    10 |    12 ||    22
  Use: Scroll            |       |     9 |     5 ||    14
       Potion            |       |       |     3 ||     3
 Stab: Sleeping          |     4 |     8 |     3 ||    15
       Distracted        |       |       |     1 ||     1
  Eat: Chunk             |     1 |    11 |     5 ||    17
       Ration            |       |       |     1 ||     1
Armor: Skin              |     4 |     7 |     4 ||    15
Dodge: Dodged            |    42 |   100 |    85 ||   227
